 Dungeon Crawl Stone Soup version 0.19-a0-1225-gf887c1c (webtiles) character file.

386 PurpleRed the Conjurer (level 6, -6/32 HPs)
             Began as a Deep Elf Conjurer on Aug 25, 2016.
             Was an Initiate of Vehumet.
             Mangled by a hippogriff (8 damage)
             ... on level 5 of the Dungeon.
             The game lasted 00:08:07 (891 turns).

PurpleRed the Conjurer (Deep Elf Conjurer)           Turns: 891, Time: 00:08:07

Health: -6/32      AC:  2    Str:  5    XL:     6   Next: 48%
Magic:  1/16       EV: 13    Int: 22    God:    Vehumet [......]
Gold:   88         SH:  2    Dex: 15    Spells: 4 memorised, 3 levels left

rFire  . . .     SeeInvis .     j - -3 short sword (curse)
rCold  . . .     Gourm    .     a - +0 robe
rNeg   . . .     Faith    .     (no shield)
rPois  .         Spirit   .     (no helmet)
rElec  .         Dismiss  .     (no cloak)
rCorr  .         Reflect  +     (no gloves)
MR     .....     Harm     .     (no boots)
Stlth  ++........               g - +2 amulet of reflection
                                (no ring)
                                (no ring)

@: very slightly contaminated
A: no striking features
a: Renounce Religion


You were on level 5 of the Dungeon.
You worshipped Vehumet.
Vehumet was noncommittal.
You were not hungry.

You visited 1 branch of the dungeon, and saw 5 of its levels.

You collected 88 gold pieces.

Inventory:

Hand Weapons
 f - a +0 short sword
 h - a +0 hunting sling
 j - a cursed -3 short sword (weapon)
 n - a +1 vampiric dagger
 p - a +1 flail of crushing
Missiles
 i - 71 stones (quivered)
Armour
 a - a +0 robe (worn)
Jewellery
 g - a +2 amulet of reflection (around neck)
Scrolls
 q - a scroll of amnesia
Potions
 e - 3 potions of curing
 k - a potion of heal wounds
 l - 2 potions of flight
 m - a potion of lignification
 o - 2 potions of cure mutation {unknown}
Books
 b - a book of Conjurations

   Spells                             Type                      Level
   a - Magic Dart                     Conjuration                  1
   b - Searing Ray                    Conjuration                  2
   c - Dazzling Spray                 Conjuration/Hexes            3
   d - Fulminant Prism                Conjuration/Hexes            4
   e - Iskenderun's Mystic Blast      Conjuration                  4
   f - Iskenderun's Battlesphere      Conjuration/Charms           5
Comestibles
 c - 2 bread rations
 d - a meat ration


   Skills:
 - Level 2.4 Dodging
 - Level 2.4 Stealth
 + Level 5.4 Spellcasting
 * Level 7.3 Conjurations
 + Level 2.6 Charms


You had 3 spell levels left.
You knew the following spells:

 Your Spells              Type           Power        Failure   Level  Hunger
a - Magic Dart            Conj           ####         1%          1    None
b - Searing Ray           Conj           #####.       1%          2    None
c - Iskenderun's Mystic   Conj           #####...     6%          4    ####...
d - Iskenderun's Battles  Conj/Chrm      ####....     38%         5    #####..


Dungeon Overview and Level Annotations

Branches:
Dungeon (5/15)
 Temple: D:4-7

Altars:
Gozag
Vehumet
Yredelemnul
The Shining One


Message History

Really walk into a travel-excluded area?
Casting: Searing Ray
Confirm with . or Enter, or press ? or * to list all spells.
Aiming: Searing Ray
Press: ? - help, Shift-Dir - straight line, f/p - hippogriff
Aim: a hippogriff (heavily wounded)
The searing ray hits the hippogriff.
The hippogriff is heavily wounded.
The hippogriff barely misses you. The hippogriff closely misses you.
The hippogriff claws you.
* * * LOW HITPOINT WARNING * * *
The searing ray hits the hippogriff.
The hippogriff is severely wounded.
The hippogriff barely misses you. The hippogriff pecks you.
* * * LOW HITPOINT WARNING * * *
The hippogriff closely misses you.
The searing ray hits the hippogriff.
The hippogriff is almost dead.
The hippogriff closely misses you. x2; The hippogriff claws you!
You die...

###.........#
##.......## ##.....##
##...## ##'##
#.######### #.##..
..# ##.##.# #.#
##...#.# #@# #
######......####H##.#
..................#.#
########.##.#.§.§...#
# #.##.#..§§...# #
#.##...§§§.###
#.####§....# #.#
####### #.#


You could see a hippogriff.

Vanquished Creatures
  Edmund (D:5)
  An ogre (D:4)
  A giant frog (D:4)
  A howler monkey (D:4)
  A worker ant (D:4)
  3 gnolls (D:4)
  An ooze (D:2)
  A worm (D:3)
  A giant gecko (D:4)
  2 orcs (D:4)
  A giant cockroach (D:3)
  2 goblins (D:2)
  4 hobgoblins
  3 jackals (D:4)
  A kobold (D:3)
  A quokka (D:1)
  A ball python skeleton (D:4)
  A bat (D:1)
  A giant gecko skeleton (D:4)
  A giant newt (D:4)
  2 rats (D:1)
31 creatures vanquished.

Notes
Turn   | Place    | Note
-------+----------+-------------------------------------------
     0 | D:1      | PurpleRed the Deep Elf Conjurer began the quest for the Orb.
     0 | D:1      | Reached XP level 1. HP: 10/10 MP: 6/6
    87 | D:2      | Found a basalt altar of Yredelemnul.
   123 | D:2      | Found an opulent altar of Gozag.
   141 | D:3      | Reached XP level 2. HP: 15/15 MP: 4/8
   146 | D:3      | Learned a level 2 spell: Searing Ray
   280 | D:2      | Reached skill level 5 in Conjurations
   467 | D:4      | Reached XP level 3. HP: 17/19 MP: 10/10
   518 | D:4      | Found a glowing golden altar of the Shining One.
   538 | D:4      | Reached XP level 4. HP: 16/24 MP: 7/12
   544 | D:4      | Learned a level 4 spell: Iskenderun's Mystic Blast
   553 | D:4      | Reached skill level 6 in Conjurations
   571 | D:4      | Noticed an ogre
   582 | D:4      | Killed an ogre
   582 | D:4      | Reached XP level 5. HP: 3/28 MP: 3/14
   590 | D:4      | Learned a level 5 spell: Iskenderun's Battlesphere
   668 | D:4      | Reached skill level 5 in Spellcasting
   668 | D:4      | Reached skill level 7 in Conjurations
   668 | D:4      | Reached skill level 1 in Charms
   668 | D:4      | Reached XP level 6. HP: 5/32 MP: 2/15
   718 | D:4      | Noticed an orc warrior
   742 | D:5      | Entered Level 5 of the Dungeon
   753 | D:5      | Noticed Edmund
   798 | D:5      | Killed Edmund
   833 | D:5      | Found a radiant altar of Vehumet.
   843 | D:5      | Became a worshipper of Vehumet
   864 | D:5      | Noticed a hippogriff
   890 | D:5      | HP: 1/32 [hippogriff (2)]
   891 | D:5      | Mangled by a hippogriff

Vault maps used:
D:1:      onia_arrival_larder
D:2:      lemuel_doored_altar, old_standard_altar
D:3:      led_sif_pool, first_bread, nicolae_gozag_zags_fifth_avenue
D:4:      nicolae_tso_carved_into_rock
D:5:      gammafunk_temple_overflow_statue, elyvilon_altar_1,
          fiery_altar_vehumet, grunt_dithmenos_shadows, uniq_edmund

Skill      XL: |  1  2  3  4  5  6 |
---------------+-------------------+-----
Conjurations   | 5 6 7 |  7.3
Spellcasting   | 4 5 |  5.4
Charms         | 1 2 |  2.6
Dodging        | |  2.4
Stealth        | |  2.4

Action                   |  1- 3 |  4- 6 || total
-------------------------+-------+-------++-------
Melee: Short sword       |     1 |     5 ||     6
 Fire: Hunting sling     |    28 |       ||    28
 Cast: Magic Dart        |    32 |    10 ||    42
       Searing Ray       |     3 |    10 ||    13
  Use: Scroll            |     5 |     2 ||     7
Armor: Robe              |     4 |     4 ||     8
Dodge: Dodged            |    19 |    22 ||    41
Block: Other             |     1 |     1 ||     2
       Reflection        |     1 |       ||     1
